 Dungeon Crawl Stone Soup version 0.22-a0-609-gfedc9ff (webtiles) character file.

110 Hebeh the Magician (level 4, 0/24 HPs)
             Began as a Deep Elf Fire Elementalist on July 10, 2018.
             Hit by a goblin thrown by Robin (1 damage)
             ... on level 2 of the Dungeon.
             The game lasted 00:11:15 (2356 turns).

Hebeh the Magician (Deep Elf Fire Elementalist)     Turns: 2356, Time: 00:11:16

Health: 0/24       AC:  2    Str:  6    XL:     4   Next: 61%
Magic:  1/12       EV: 13    Int: 20    God:
Gold:   101        SH:  0    Dex: 15    Spells: 6/12 levels left

rFire    . . .     SeeInvis .   a - +0 short sword
rCold    . . .     Gourm    .   (no shield)
rNeg     . . .     Faith    .   i - +0 robe
rPois    .         Spirit   .   (no helmet)
rElec    .         Reflect  .   (no cloak)
rCorr    .         Harm     .   (no gloves)
MR       .....                  (no boots)
Stlth    ++........             (no amulet)
HPRegen  0.08/turn              (no ring)
MPRegen  0.13/turn              (no ring)

@: no status effects
A: no striking features
a: no special abilities


You were on level 2 of the Dungeon.
You were not hungry.

You visited 1 branch of the dungeon, and saw 2 of its levels.

You collected 101 gold pieces.

Inventory:

Hand Weapons
 a - a +0 short sword (weapon)
 b - a +0 hunting sling
 d - a +0 spear
Missiles
 f - 64 stones (quivered)
Armour
 i - a +0 robe (worn)
Scrolls
 e - a scroll of blinking {unknown}
 g - 3 scrolls of teleportation {unknown}
 j - 2 scrolls of enchant armour {unknown}
Potions
 h - a potion of might {unknown}
 k - 2 potions of lignification {unknown}
 l - a potion of curing {unknown}
 m - a potion of berserk rage {unknown}
 o - 3 potions of haste {unknown}
Comestibles
 c - 2 rations


   Skills:
 - Level 2.4 Dodging
 - Level 2.4 Stealth
 + Level 4.5 Spellcasting
 + Level 2.9 Conjurations
 + Level 4.3 Fire Magic


You had 6 spell levels left.
You knew the following spells:

 Your Spells              Type           Power        Failure   Level  Hunger
a - Flame Tongue          Conj/Fire      ###..        2%          1    None
b - Throw Flame           Conj/Fire      ###...       4%          2    #......
c - Conjure Flame         Conj/Fire      ###.....     9%          3    ##.....

Your spell library contained the following spells:

 Spells                   Type           Power        Failure   Level  Hunger
 Fireball                 Conj/Fire      ###.......   58%         5    ######.
 Sticky Flame             Conj/Fire      ###.....     26%         4    ####...
 Inner Flame              Hex/Fire       ##......     14%         3    ##.....


Dungeon Overview and Level Annotations

Branches:
Dungeon (2/15)

Altars:
Hepliaklqana

Annotations:
D:2 Robin


Message History

The goblin goes into a battle-frenzy!
The goblin closely misses you.
Things that are here:
a club; a goblin corpse; a hobgoblin corpse
Items here: )) †† a club x2; a hobgoblin corpse x2
The goblin unwields an uncursed dagger.
The goblin wields an uncursed hunting sling.
The goblin shoots a stone.
The stone hits you.
* * * LOW HITPOINT WARNING * * *
You see here a stone.
Casting: Flame Tongue (safe; 2% risk of failure)
Confirm with . or Enter, or press ? or * to list all spells.
Aiming: Flame Tongue (safe; 2% risk of failure)
Press: ? - help, Shift-Dir - straight line, f/p - Robin
Aim: Robin, wielding a mace of crushing, wearing an animal skin and wearing a helmet The flame tongue hits the hobgoblin.
You kill the hobgoblin!
Robin throws the goblin at you!
You die...

#.#.....##########...####........
+.......>...............'........
####...#.#########...####....<...
# ##.##.# ####..#####.......
####.# #.........##.....# #.#
#.###.###.#####.## #.# #.# #.#
#..##.###. #.# #g###.# #....#.#_#
# #.# #@#...# #.#####.## # #.#
##)#.#####.# ###### # #.#
#.g)....##.###..... ########.#
#..g.(...).##.....# .........#
#.##.##.######..... ########## #.
#.....######...# # #.
###.#..........# # #.
#...######..## # #. ##.## #..##


You could see Robin and 2 goblins.

Vanquished Creatures
  Terence (D:2)
  2 adders (D:2)
  An ooze (D:1)
  A worm (D:2)
  2 dart slugs
  5 leopard geckos
  A bat (D:1)
  A giant cockroach (D:1)
  11 goblins
  6 hobgoblins
  2 jackals (D:1)
  5 kobolds
  A quokka (D:2)
  A ball python (D:1)
  6 frilled lizards
  7 rats
53 creatures vanquished.

Notes
Turn   | Place    | Note
-------+----------+-------------------------------------------
     0 | D:1      | Hebeh the Deep Elf Fire Elementalist began the quest for the Orb.
     0 | D:1      | Reached XP level 1. HP: 10/10 MP: 6/6
   121 | D:1      | Reached XP level 2. HP: 15/15 MP: 4/8
   739 | D:1      | Reached XP level 3. HP: 19/19 MP: 8/10
  1110 | D:2      | Noticed Terence
  1113 | D:2      | Killed Terence
  1204 | D:2      | Found a faded altar of an unknown god.
  1319 | D:2      | Noticed Robin
  1588 | D:1      | Learned a level 2 spell: Throw Flame
  1592 | D:1      | Learned a level 3 spell: Conjure Flame
  1614 | D:2      | Reached XP level 4. HP: 24/24 MP: 9/12
  2216 | D:2      | Found a hazy altar of Hepliaklqana.
  2350 | D:2      | HP: 1/24 [hobgoblin/club[Robin] (5)]
  2356 | D:2      | Hit by a goblin thrown by Robin

Vault maps used:
D:1:      mrwooster_arrival_arrow
D:2:      lemuel_coloured_pillars_altar, chequers_ecumenical_altar_twisty,
          uniq_robin, uniq_terence

Skill      XL: |  1  2  3 |
---------------+----------+-----
Conjurations   | 2 |  2.9
Spellcasting   | 4 |  4.5
Fire Magic     | 4 |  4.3
Dodging        | |  2.4
Stealth        | |  2.4

Action                   |  1- 3 |  4- 6 || total
-------------------------+-------+-------++-------
Melee: Spear             |     3 |       ||     3
       Short sword       |       |     3 ||     3
 Fire: Hunting sling     |    13 |       ||    13
Throw: Stone             |    27 |       ||    27
 Cast: Flame Tongue      |    55 |    24 ||    79
       Throw Flame       |       |    11 ||    11
       Conjure Flame     |       |     1 ||     1
  Eat: Chunk             |     2 |     2 ||     4
Armor: Robe              |     2 |     1 ||     3
Dodge: Dodged            |    17 |     9 ||    26

Table legend:
 A = Spawn XP
 B = Non-spawn XP
 C = Spawn XP percentage of total XP
 D = Spawn monster count
 E = Non-spawn monster count
 F = Spawn count percentage of total count
 G = Total turns spent on level
                    A         B        C        D         E        F      G
               +---------+---------+-------+---------+---------+-------+---------
         Total |       0 |     158 |   0.0 |       0 |      53 |   0.0 |  2356
               +---------+---------+-------+---------+---------+-------+---------
           D:1 |       0 |      55 |   0.0 |       0 |      28 |   0.0 |  1294
           D:2 |       0 |     103 |   0.0 |       0 |      25 |   0.0 |  1062
               +---------+---------+-------+---------+---------+-------+---------
